 Dungeon Crawl Stone Soup version 0.28.0-53-g5a82cb258f (webtiles) character file.

Game seed: 765795224830698799

943 moldycheese5 the Skirmisher (level 7, -3/55 HPs)
             Began as a Demonspawn Berserker on June 17, 2022.
             Was a Priest of Trog.
             Slain by an orc knight
             ... wielding a +0 war axe
              (8 damage)
             ... in a bailey.
             The game lasted 00:12:59 (5539 turns).

moldycheese5 the Skirmisher (Demonspawn Berserker)  Turns: 5539, Time: 00:13:00

Health: -3/55      AC: 11    Str: 19    XL:     7   Next: 88%
Magic:  7/7        EV: 11    Int:  9    God:    Trog [***...]
Gold:   145        SH:  0    Dex: 12    Spells: 6/6 levels left

rFire   . . .      SeeInvis .   v - +4 morningstar (freeze)
rCold   . . .      Faith    .   (no shield)
rNeg    . . .      Spirit   .   y - +0 scale mail
rPois   .          Reflect  .   w - +0 helmet
rElec   .          Harm     .   (no cloak)
rCorr   .          Rampage  .   (no gloves)
Will    ++...                   (no boots)
Stlth   ..........              (no amulet)
HPRegen 1.18/turn               p - +4 ring of slaying
MPRegen 0.10/turn               (no ring)

@: strong-willed, on berserk cooldown, regenerating, slowed, very slow
A: hooves 1, icy blue scales 2
a: Renounce Religion, Berserk, Trog's Hand


You were in a bailey.
You worshipped Trog.
Trog was most pleased with you.
You visited 1 branch of the dungeon, and saw 5 of its levels.
You also visited: Sewer and Bailey.

You collected 145 gold pieces.

Inventory:

Hand Weapons
 b - a +1 dagger of draining
 d - a +2 dagger of protection
 v - a +4 morningstar of freezing (weapon)
Missiles
 a - a throwing net (quivered)
Armour
 w - a +0 helmet (worn)
 y - a +0 scale mail (worn)
Jewellery
 p - a +4 ring of slaying (left hand)
 A - an amulet of magic regeneration
Scrolls
 f - a scroll of immolation {unknown}
 i - a scroll of fear {unknown}
 j - a scroll of torment {unknown}
 n - 5 scrolls of blinking
 o - 2 scrolls of teleportation
 t - 2 scrolls of enchant armour
Potions
 c - a potion of heal wounds {unknown}
 k - 2 potions of might {unknown}
 r - 2 potions of attraction {unknown}
 s - 2 potions of haste {unknown}
 u - 2 potions of resistance
 x - a potion of lignification {unknown}
 z - 2 potions of curing
Miscellaneous
 q - a box of beasts


   Skills:
 + Level 4.3 Fighting
 + Level 2.6 Short Blades
 + Level 4.1 Maces & Flails
 + Level 4.3 Armour
 + Level 3.8 Dodging
 + Level 0.2 Stealth
 + Level 3.1 Unarmed Combat


You had 6 spell levels left.
You didn't know any spells.
Your spell library was empty.

Dungeon Overview and Level Annotations

Branches:
Dungeon (7/15)              Sewer (visited)          Bailey (1/1)
 Temple: D:4-7

Altars:


Innate Abilities, Weirdness & Mutations

You have large cloven feet.
You are mostly covered in icy blue scales. (AC +3)


Message History

The orc knight hits your orc warrior with a +0 war axe!
Your orc warrior dies!
Your orc warrior's corpse dissolves into shadows!
The orc knight completely misses you.
Your orc hits the orc warrior with a +0 mace.
The orc warrior hits you but does no damage.
The orc warrior barely misses your orc.
You hit the orc knight. You freeze the orc knight.
Your kick misses the orc knight.
The orc knight is heavily wounded.
The orc warrior no longer looks unusually strong. x2
The orc knight hits you with a +0 war axe.
Your orc closely misses the orc warrior.
The orc warrior hits your orc with a +0 hand axe.
The orc warrior hits you but does no damage.
The orc knight roars a battlecry!
The orcs go into a battle-frenzy!
Your orc hits the orc warrior with a +0 mace.
The orc warrior hits you with a +0 hand axe!
The orc warrior hits your orc with a +0 hand axe.
Your orc dies!
Your orc's corpse dissolves into shadows!
Your skin crawls.
You feel strong-willed.
The orc knight hits you with a +0 war axe.
You puncture the orc knight! You freeze the orc knight.
Your kick misses the orc knight.
The orc knight is severely wounded.
The orc knight hits you with a +0 war axe!
* * * LOW HITPOINT WARNING * * *
The orc warrior hits you with a +0 hand axe!
* * * LOW HITPOINT WARNING * * *
The hobgoblin hits you but does no damage.
The orc knight hits you but does no damage.
The orc warrior hits you but does no damage.
The hobgoblin barely misses you.
Your skin crawls.
You feel strong-willed.
The orc knight hits you with a +0 war axe!
You die...

##.......##oo.....##
#.........#.o.....#
##.........##.....##
#.....⌠.....#######
#.........##
#.........#
##.......##
#.......# ##o@o..##
##g####


#ogo #..... #...... ........ #......... .....⌠..... You could see an orc knight,
2 orc warriors, a gnoll, an orc (strong) and a hobgoblin.

Vanquished Creatures
  A sky beast (D:7)
  3 orc warriors (Bailey)
  2 bullfrogs (Sewer)
  2 jellies (D:7)
  2 hounds (D:4)
  An iguana (D:7)
  An orc wizard (D:7)
  Robin (D:3)
  A howler monkey zombie (D:7)
  8 gnolls
  4 adders
  2 worms (D:3)
  A dart slug (D:3)
  11 orcs
  14 ball pythons
  4 endoplasms
  6 giant cockroaches (Sewer)
  19 goblins
  15 hobgoblins
  5 jackals (D:1)
  5 kobolds
  7 quokkas
  3 bats
  8 frilled lizards
  4 rats
130 creatures vanquished.

Notes
Turn   | Place    | Note
-------+----------+-------------------------------------------
     0 | D:1      | moldycheese5 the Demonspawn Berserker began the quest for
                  | the Orb.
     0 | D:1      | Reached XP level 1. HP: 18/18 MP: 1/1
   304 | D:1      | Found a faded altar of an unknown god.
   311 | D:1      | Gained mutation: You are partially covered in icy blue
                  | scales. (AC +2) [demonic ancestry]
   311 | D:1      | Reached XP level 2. HP: 22/24 MP: 2/2
   708 | D:1      | Gained mutation: You have large cloven feet. [demonic
                  | ancestry]
   708 | D:1      | Reached XP level 3. HP: 14/29 MP: 3/3
   901 | D:1      | Reached ** piety under Trog
  1734 | D:2      | Reached skill level 1 in Short Blades
  1907 | D:3      | Found a glowing drain.
  1942 | D:3      | Gained mutation: You are mostly covered in icy blue scales.
                  | (AC +3) [demonic ancestry]
  1942 | D:3      | Reached XP level 4. HP: 20/35 MP: 4/4
  1951 | Sewer    | Entered a sewer
  2642 | Sewer    | Noticed a bullfrog
  2643 | Sewer    | Noticed a bullfrog
  2653 | Sewer    | Killed a bullfrog
  2654 | Sewer    | Reached XP level 5. HP: 23/41 MP: 5/5
  3312 | D:3      | Reached *** piety under Trog
  3420 | D:3      | Noticed Robin
  3439 | D:3      | Reached XP level 6. HP: 34/48 MP: 6/6
  3444 | D:3      | Killed Robin
  4421 | D:4      | Reached skill level 1 in Maces & Flails
  4603 | D:4      | You fall into a shaft and drop 3 floors!
  4869 | D:7      | Noticed a sky beast
  4879 | D:7      | Reached XP level 7. HP: 54/54 MP: 7/7
  4983 | D:7      | Found a flagged portal.
  5008 | Bailey   | Entered a bailey
  5521 | Bailey   | Noticed an orc knight
  5539 | Bailey   | Slain by an orc knight

Illustrated notes

Levels and vault maps discovered:
D:1:      scummos_arrival_hexagon, layout_basic,
          hellmonk_ecumenical_altar_lost_god
D:2:      layout_loops_ring, bh_walls_and_bars
D:3:      layout_basic, cheibrodos_sewer_entry_drain, uniq_robin
D:4:      layout_cave_pools, gammafunk_ghost_split, lexackson_kobold_supper
D:7:      layout_gridville, enter_bailey_4
Bailey:   bailey_axe_minmay_hex_keep, bailey

Skill      XL: |  1  2  3  4  5  6  7 |
---------------+----------------------+-----
Unarmed Combat | 3 |  3.1
Dodging        | 2 3 |  3.8
Armour         | 2 3 4 |  4.3
Short Blades   | 1 2 |  2.6
Maces & Flails | 2 4 |  4.1
Fighting       | 4 |  4.3
Stealth        | |  0.2

Action                   |  1- 3 |  4- 6 |  7- 9 || total
-------------------------+-------+-------+-------++-------
Melee: Dagger            |   149 |   134 |       ||   283
       Unarmed           |    11 |       |       ||    11
       Punch             |     2 |     3 |     1 ||     6
       Kick              |    11 |    47 |    12 ||    70
       Morningstar       |       |    78 |    62 ||   140
Invok: Berserk           |     1 |     4 |     2 ||     7
       Trog's Hand       |       |     3 |     3 ||     6
  Use: Scroll            |       |       |     9 ||     9
       Potion            |       |       |     1 ||     1
Armor: Animal skin       |     8 |       |       ||     8
       Ring mail         |    74 |   117 |       ||   191
       Scale mail        |       |    13 |    50 ||    63
Dodge: Dodged            |   148 |   179 |    62 ||   389
